 Dungeon Crawl Stone Soup version 0.29.1-14-g9c671dbff4 (webtiles) character file.

Game seed: 13641078187767849972

14213 raph the Carver (level 11, -2/99 HPs)
             Began as a Minotaur Fighter on Feb 14, 2023.
             Was a Priest of Makhleb.
             Slain by a ten-headed hydra (12 damage)
             ... on level 10 of the Dungeon.
             The game lasted 00:17:43 (11782 turns).

raph the Carver (Minotaur Fighter)                 Turns: 11782, Time: 00:17:44

Health: -2/99      AC: 22    Str: 20    XL:     11   Next: 85%
Magic:  15/15      EV: 11    Int:  8    God:    Makhleb [***...]
Gold:   806        SH:  5    Dex: 18    Spells: 10/10 levels left

rFire   . . .      SeeInvis +   x - +1 long sword
rCold   + . .      Faith    .   c - +0 buckler
rNeg    + . .      Spirit   .   H - +4 chain mail {Will+}
rPois   .          Reflect  .   (helmet restricted)
rElec   .          Harm     .   I - +2 cloak
rCorr   .          Rampage  .   t - +2 pair of gloves
Will    +....                   (no boots)
Stlth   ..........              u - amulet of regeneration
HPRegen 1.06/turn               h - ring of Gozag, Baking {rN+ Int+3 Dex+3 Slay-4 SInv}
MPRegen 0.14/turn               d - ring of protection from cold

@: no status effects
A: horns 2, retaliatory headbutt
a: Renounce Religion, Minor Destruction, Lesser Servant of Makhleb


You were on level 10 of the Dungeon.
You worshipped Makhleb.
Makhleb was most pleased with you.
You visited 3 branches of the dungeon, and saw 12 of its levels.
You visited the Abyss 1 time.
You also visited: Ossuary.

You collected 806 gold pieces.

Inventory:

Hand Weapons
 a - the +6 falchion of Callousness {venom, rPois}
   (You found it on level 10 of the Dungeon)

   It poisons the flesh of those it strikes.
   rPois:     It protects you from poison.
 b - a +0 sling
 w - a +4 rapier
 x - a +1 long sword (weapon)
Missiles
 i - a throwing net
 m - 16 poisoned darts
Armour
 c - a +0 buckler (worn)
 s - a +0 chain mail
 t - a +2 pair of gloves (worn)
 v - a +0 scale mail
 A - the +6 scale mail of Anenees {rF+ Stlth+}
   (You found it on level 5 of the Dungeon)

   rF:        It protects you from fire.
   Stlth:     It makes you more stealthy.
 H - a +4 chain mail of willpower (worn)
 I - a +2 cloak (worn)
Jewellery
 d - a ring of protection from cold (right hand)
 h - the ring of Gozag, Baking (left hand) {rN+ Int+3 Dex+3 Slay-4 SInv}
   (You found it on level 6 of the Dungeon)

   [ring of see invisible]

   Int:       It affects your intelligence (+3).
   Dex:       It affects your dexterity (+3).
   Slay:      It affects your accuracy & damage with ranged weapons and melee
   (-4).
   rN:        It protects you from negative energy.
   SInv:      It lets you see invisible.
 n - a ring of wizardry
 u - an amulet of regeneration (around neck)
 z - a ring of fire
 D - a +6 ring of intelligence
 J - an amulet of guardian spirit
 R - a ring of magical power
Wands
 g - a wand of digging (5)
 y - a wand of flame (36)
 F - a wand of mindburst (18)
 K - a wand of paralysis (7)
 O - a wand of light (3)
 Q - a wand of iceblast (3)
 S - a wand of polymorph (3)
Scrolls
 l - 13 scrolls of teleportation
 o - 3 scrolls of poison
 E - a scroll of fog
 G - 3 scrolls of immolation
 M - a scroll of fear
Potions
 e - 5 potions of attraction
 f - 2 potions of heal wounds
 j - 2 potions of resistance
 k - a potion of haste
 p - 2 potions of magic
 q - 3 potions of lignification {unknown}
 r - a potion of invisibility
 B - 2 potions of degeneration {unknown}
 C - 6 potions of curing {unknown}
 L - 3 potions of mutation {unknown}
 N - 2 potions of might
 P - a potion of brilliance {unknown}


   Skills:
 + Level 9.7 Fighting
 - Level 6.6(10.0) Short Blades
 * Level 12.5(13.3) Long Blades
 + Level 9.6 Armour
 + Level 8.1 Dodging
 - Level 3.6 Shields
 + Level 7.3 Invocations
 + Level 2.7 Evocations


You had 10 spell levels left.
You didn't know any spells.
Your spell library contained the following spells:

 Spells                   Type           Power      Damage    Failure   Level
 Foxfire                  Conj/Fire      0%         2x1d4     99%         1
 Magic Dart               Conj           0%         1d3       99%         1
 Sandblast                Erth           0%         2d4       99%         1
 Shock                    Conj/Air       0%         1d3       99%         1
 Passwall                 Tmut/Erth      0%         N/A       99%         2
 Searing Ray              Conj           0%         2d4       99%         2
 Conjure Flame            Conj/Fire      0%         6-21      100%        3
 Inner Flame              Hex/Fire       0%         N/A       100%        3
 Stone Arrow              Conj/Erth      0%         3d7       100%        3
 Airstrike                Air            0%         2d(0-16)  100%        4
 Flame Wave               Conj/Fire      0%         2d4       100%        4
 Fulminant Prism          Conj/Hex       0%         3d6       100%        4
 Petrify                  Tmut/Erth      0%         N/A       100%        4
 Summon Forest            Summ/Tloc      0%         N/A       100%        5
 Summon Mana Viper        Hex/Summ       0%         N/A       100%        5
 Conjure Ball Lightning   Conj/Air       0%         3x3d6     100%        6
 Summon Cactus Giant      Summ           0%         N/A       100%        6


Dungeon Overview and Level Annotations

Branches:
Dungeon (10/15)            Temple (1/1) D:4            Lair (1/5) D:10
Ossuary (visited)
    Orc: D:9-12

Altars:
Ashenzari
Cheibriados
Dithmenos
Elyvilon
Fedhas
Gozag
Hepliaklqana
Kikubaaqudgha
Makhleb
Nemelex Xobeh
Okawaru
Qazlal
Ru
Sif Muna
Trog
Uskayaw
Vehumet
Wu Jian
Xom
Yredelemnul
Zin
The Shining One

Shops:
D:1 (


Innate Abilities, Weirdness & Mutations

You have a pair of horns on your head.
You reflexively headbutt those who attack you in melee.


Message History

The nine-headed hydra misses you. You furiously retaliate!
You headbutt the nine-headed hydra, but do no damage.
The nine-headed hydra bites you but does no damage.
The nine-headed hydra bites you.
You block the nine-headed hydra's attack.
The nine-headed hydra bites you but does no damage.
You block the nine-headed hydra's attack. x2
The nine-headed hydra bites you. x2
You hack one of the nine-headed hydra's heads off!
The eight-headed hydra grows two more!
You slash the ten-headed hydra!
The ten-headed hydra is moderately wounded.
You block the ten-headed hydra's attack.
The ten-headed hydra bites you! x2
* * * LOW HITPOINT WARNING * * *
The ten-headed hydra barely misses you.
You block the ten-headed hydra's attack.
The ten-headed hydra bites you but does no damage. x4
The ten-headed hydra bites you.
* * * LOW HITPOINT WARNING * * *
The ten-headed hydra attacks as you move away!
The ten-headed hydra bites you but does no damage.
You block the ten-headed hydra's attack.
The ten-headed hydra bites you but does no damage.
The ten-headed hydra barely misses you.
The ten-headed hydra closely misses you.
The ten-headed hydra bites you but does no damage.
The ten-headed hydra bites you!
* * * LOW HITPOINT WARNING * * *
The ten-headed hydra bites you but does no damage. x2
The ten-headed hydra bites you!
* * * LOW HITPOINT WARNING * * *
You feel much better. The ten-headed hydra bites you!
* * * LOW HITPOINT WARNING * * *
The ten-headed hydra bites you!
* * * LOW HITPOINT WARNING * * *
The ten-headed hydra bites you but does no damage.
The ten-headed hydra barely misses you.
The ten-headed hydra bites you but does no damage. x2
The ten-headed hydra bites you!
You die...

....# #.<.#
#.# ....#
#...# #.#
....######...#
#.#
.............#
#.#
)))..........#
#.#
[..########..#
#.# ...# #..#
#.# ...#
#..####.# ...#
#....D@.# ##.#
#..÷....# #.#
#.>.....# #.#
#)####### #.#
#÷# #.# #.#
#.# #.# #.#
#.# #.# #.#


You could see a ten-headed hydra.

Vanquished Creatures
  Josephine (D:10)
  A hydra (D:10)
  Erolcha (D:10)
  2 two-headed ogres
  Pikel (D:4)
  A cyclops (D:6)
  Maurice (D:8)
  Psyche (D:8)
  A komodo dragon (D:10)
  Grinder (D:6)
  A hornet (D:7)
  Prince Ribbit (D:7)
  Sigmund (D:6)
  26 yaks
  A wyvern (D:7)
  5 wraiths (D:10)
  2 steam dragons
  A basilisk (Lair:1)
  Duvessa (D:7)
  5 orc warriors
  3 ogres
  3 centaurs
  2 phantoms (D:6)
  3 bullfrogs
  2 elf zombies (Ossuary)
  A kobold brigand (D:9)
  Blork the orc (D:4)
  2 gnoll sergeants
  3 necrophages
  2 scorpions
  3 wights (D:7)
  Dowan (D:7)
  9 killer bees
  A howler monkey (D:10)
  A vampire bat (D:5)
  2 centaur zombies (Ossuary)
  4 orc priests
  3 hounds
  A jelly (D:6)
  Crazy Yiuf (D:7)
  Natasha (D:3)
  2 iguanas (D:6)
  10 orc wizards
  2 mummies (Ossuary)
  6 gnolls
  16 adders
  A shadow imp (D:6)
  3 white imps
  2 ufetubi
  4 dart slugs
  37 orcs
  7 ball pythons
  10 endoplasms
  6 giant cockroaches
  A gnoll zombie (Ossuary)
  7 goblins
  8 hobgoblins
  A jackal (D:3)
  15 kobolds
  2 quokkas
  9 bats
  2 frilled lizards
  A goblin zombie (Ossuary)
  4 hobgoblin zombies (Ossuary)
  4 orc zombies (Ossuary)
  5 rats
269 creatures vanquished.

Vanquished Creatures (others)
  2 plants (Lair:1)
2 creatures vanquished.

Grand Total: 271 creatures vanquished

Notes
Turn   | Place    | Note
-------+----------+-------------------------------------------
     0 | D:1      | raph the Minotaur Fighter began the quest for the Orb.
     0 | D:1      | Reached XP level 1. HP: 19/19 MP: 0/0
   215 | D:1      | Found Muxkuos's Weapon Boutique.
   245 | D:1      | Reached skill level 1 in Short Blades
   248 | D:1      | Reached XP level 2. HP: 26/26 MP: 1/1
   278 | D:1      | Reached skill level 3 in Long Blades
   291 | D:1      | Got Ilenorod's Lessons on Gusty Terrain
   297 | D:1      | Found a faded altar of an unknown god.
   862 | D:2      | Reached XP level 3. HP: 31/31 MP: 2/2
  1809 | D:3      | Reached skill level 4 in Long Blades
  2206 | D:3      | Reached XP level 4. HP: 5/39 MP: 3/3
  2657 | D:3      | Noticed a scorpion
  2670 | D:3      | Killed a scorpion
  2671 | D:3      | Reached XP level 5. HP: 40/45 MP: 4/4
  2811 | D:3      | Reached skill level 5 in Long Blades
  3174 | D:3      | Noticed Natasha
  3194 | D:3      | Killed Natasha
  3325 | D:4      | Noticed Blork the orc
  3339 | D:4      | Killed Blork the orc
  3536 | D:4      | Reached XP level 6. HP: 51/51 MP: 5/5
  3658 | D:4      | Found a staircase to the Ecumenical Temple.
  3774 | D:4      | Reached skill level 6 in Long Blades
  3924 | D:4      | Noticed Pikel
  3933 | D:4      | Killed Pikel
  3934 | D:4      | Reached skill level 7 in Long Blades
  3934 | D:4      | Reached XP level 7. HP: 57/57 MP: 6/6
  4224 | Temple   | Entered the Ecumenical Temple
  4370 | Temple   | Became a worshipper of Makhleb the Destroyer
  4918 | D:5      | Entered Level 5 of the Dungeon
  5098 | D:5      | Identified the +2 leather armour of Okawaru's Pride {rC+
                  | Dex+3 Stlth+}
  5247 | D:5      | Reached skill level 8 in Long Blades
  5361 | D:5      | Reached XP level 8. HP: 66/66 MP: 7/7
  5435 | D:5      | Identified the +6 scale mail of Anenees {rF+ Stlth+}
  5462 | D:5      | Found a hide-covered altar of Uskayaw.
  5473 | D:5      | Reached skill level 1 in Dodging
  5473 | D:5      | Reached skill level 1 in Invocations
  5659 | D:5      | Reached * piety under Makhleb
  6116 | D:6      | Noticed Sigmund
  6124 | D:6      | Killed Sigmund
  6125 | D:6      | Reached skill level 5 in Fighting
  6125 | D:6      | Reached skill level 5 in Armour
  6163 | D:6      | Noticed Grinder
  6177 | D:6      | Paralysed by Grinder for 2 turns
  6189 | D:6      | Paralysed by Grinder for 2 turns
  6195 | D:6      | Killed Grinder
  6196 | D:6      | Reached XP level 9. HP: 47/74 MP: 10/10
  6252 | D:6      | Reached skill level 9 in Long Blades
  6633 | D:6      | Noticed a cyclops
  6696 | D:6      | Killed a cyclops
  6701 | D:6      | Identified the ring of Gozag, Baking {rN+ Int+3 Dex+3
                  | Slay-4 SInv}
  7168 | D:7      | Reached ** piety under Makhleb
  7220 | D:7      | Reached skill level 5 in Dodging
  7278 | D:7      | Noticed Prince Ribbit
  7287 | D:7      | Killed Prince Ribbit
  7339 | D:7      | Noticed Dowan
  7339 | D:7      | Noticed Duvessa
  7356 | D:7      | Killed Duvessa
  7372 | D:7      | Killed Dowan
  7575 | D:7      | Found a runed translucent door.
  7576 | D:7      | Noticed Crazy Yiuf
  7582 | D:7      | Killed Crazy Yiuf
  7646 | D:7      | Reached XP level 10. HP: 70/86 MP: 12/12
  7690 | D:7      | Reached skill level 10 in Long Blades
  7706 | D:7      | Reached skill level 5 in Invocations
  7964 | D:8      | Noticed Psyche
  7977 | D:8      | Killed Psyche
  8017 | D:8      | Found a sand-covered staircase.
  8035 | Ossuary  | Entered an ossuary
  8868 | D:8      | Reached *** piety under Makhleb
  8960 | D:8      | Noticed Maurice
  8983 | D:8      | Killed Maurice
  9410 | D:9      | Found an ornate altar of the Wu Jian Council.
  9478 | D:9      | Noticed a two-headed ogre
  9486 | D:9      | Reached skill level 11 in Long Blades
  9492 | D:9      | Killed a two-headed ogre
  9493 | D:9      | Reached XP level 11. HP: 51/95 MP: 14/14
 10246 | D:10     | Entered Level 10 of the Dungeon
 10266 | D:10     | Identified the +6 falchion of Callousness {venom, rPois}
 10316 | D:10     | Noticed a two-headed ogre
 10328 | D:10     | Killed a two-headed ogre
 10329 | D:10     | Reached skill level 1 in Evocations
 10486 | D:10     | Found a staircase to the Lair.
 10492 | D:10     | Noticed Josephine
 10520 | D:10     | Killed Josephine
 10520 | D:10     | Reached **** piety under Makhleb
 10782 | D:10     | Reached skill level 12 in Long Blades
 10815 | D:10     | Noticed Erolcha
 10815 | Abyss:1  | Cast into level 1 of the Abyss (Erolcha)
 10843 | Abyss:1  | Noticed a bone dragon
 10874 | Abyss:1  | Noticed a soul eater
 10877 | D:10     | Escaped the Abyss
 10894 | D:10     | Killed Erolcha
 11161 | D:10     | Found a glowing golden altar of the Shining One.
 11327 | Lair:1   | Entered Level 1 of the Lair of Beasts
 11331 | Lair:1   | Noticed a six-headed hydra
 11332 | Lair:1   | Noticed a seven-headed hydra
 11484 | D:10     | Killed a six-headed hydra
 11782 | D:10     | Slain by a ten-headed hydra

Illustrated notes

Levels and vault maps discovered:
D:1:      dpeg_arrival_arbitrary_a, layout_loops_ring, serial_shops, shop,
          hellmonk_ecumenical_altar_inner_sanctum, serial_bayou_crossing
D:2:      layout_basic, st_stairs_8
D:3:      layout_loops_corners, minmay_vboxes, uniq_natasha
D:4:      layout_layer_cave, temple_doors_e, minmay_misc_feat_roman,
          saegor_snake_ambush, uniq_blork_the_orc, uniq_pikel
D:5:      layout_loops_ring, eat_drink_and_be_merry_uskayaw, roderic_batcave
D:6:      minmay_clustersquares, layout_basic, uniq_grinder, uniq_sigmund
D:7:      layout_basic, minmay_crystal_room, chequers_serial_rivers_marsh,
          chequers_serial_rivers_marsh, glass_columns_c,
          uniq_crazy_yiuf_cottage, uniq_prince_ribbit1, uniq_duvessa
D:8:      layout_gridville, enter_ossuary_1, kennysheep_doodads, abandoned_shop,
          uniq_maurice, uniq_psyche
D:9:      layout_basic, lemuel_crystal_altar, serial_park_tiny_1
D:10:     layout_long_grid, tso_metal_star, lair_entry_dummy, uniq_erolcha,
          uniq_josephine
Temple:   nicolae_temple_bog_church
Lair:1:   layout_loops_ring, grunt_megastairs_4, uniq_urug

Skill      XL: |  1  2  3  4  5  6  7  8  9 10 11 |
---------------+----------------------------------+-----
Short Blades   | 1 2 3 4 6 |  6.6
Long Blades    | 3 4 5 7 8 9 11 12 | 12.5
Fighting       | 5 7 8 9 |  9.7
Armour         | 5 7 8 9 |  9.6
Dodging        | 3 5 7 8 |  8.1
Invocations    | 3 4 6 7 |  7.3
Evocations     | 2 |  2.7
Shields        | |  3.6

Action                   |  1- 3 |  4- 6 |  7- 9 | 10-12 || total
-------------------------+-------+-------+-------+-------++-------
Melee: Long sword        |    66 |    88 |   311 |   469 ||   934
       Headbutt          |     8 |    13 |    64 |   151 ||   236
       Falchion          |       |       |       |   116 ||   116
       Rapier            |       |       |       |    14 ||    14
 Fire: Sling             |       |     7 |     5 |    12 ||    24
Invok: Lesser Servant of |       |       |       |     2 ||     2
Evoke: Wand              |       |       |       |     1 ||     1
  Use: Potion            |     1 |     2 |     2 |     3 ||     8
       Scroll            |       |    15 |     8 |     3 ||    26
Armor: Scale mail        |    22 |       |    99 |   229 ||   350
       Chain mail        |    18 |    56 |    47 |   131 ||   252
       Skin              |       |       |       |     2 ||     2
Dodge: Dodged            |    32 |    23 |   115 |   353 ||   523
Block: Buckler           |    11 |    16 |    67 |   151 ||   245
